 Dungeon Crawl Stone Soup version 0.17-a0-1571-g3ed2ab2 (console) character file.

1451 FIQ the Spear-Bearer (level 8, 0/63 HPs)
             Began as a Merfolk Wanderer on July 24, 2015.
             Was an Initiate of Gozag.
             Slain by a slave (6 damage)
             ... led by Pikel
             ... on level 5 of the Dungeon.
             The game lasted 00:24:58 (5262 turns).

FIQ the Spear-Bearer (Merfolk Wanderer)             Turns: 5262, Time: 00:24:59

Health: 0/63       AC: 11    Str: 18    XL:     8   Next: 75%
Magic:  17/17      EV: 11    Int:  8    God:    Gozag
Gold:   291        SH:  0    Dex: 18    Spells: 0 memorised, 7 levels left

rFire  + . .     SeeInvis .     v - -1 halberd (curse)
rCold  + + .     Clarity  .     b - +0 chain mail
rNeg   . . .     SustAt   .     (no shield)
rPois  +         Gourm    .     j - +1 hat
rElec  +         Spirit   .     a - +1 cloak
rCorr  +         Warding  .     (no gloves)
rMut   .         Stasis   .     (no boots)
MR     .....                    (no amulet)
Stlth  ..........               t - ring of protection from cold
                                g - ring of magical power

@: mighty, exhausted, resistant, very slightly contaminated, hasted and slowed,
not resistant to hostile enchantments, extremely unstealthy
A: change form in water, swift swim
a: Potion Petition, Call Merchant, Bribe Branch, Renounce Religion


You were on level 5 of the Dungeon.
You worshipped Gozag.
Gozag was noncommittal.
You were not hungry.

You visited 1 branch of the dungeon, and saw 5 of its levels.

You collected 364 gold pieces.
You paid 73 gold pieces to Gozag.

Inventory:

Hand weapons
 d - a +0 trident
 e - a +0 dagger
 n - a +0 halberd
 v - a cursed -1 halberd (weapon)
Armour
 a - a +1 cloak (worn)
 b - a +0 chain mail (worn)
 j - a +1 hat (worn)
Jewellery
 g - a ring of magical power (left hand)
 t - a ring of protection from cold (right hand)
 w - an uncursed amulet of stasis {unknown}
Magical devices
 u - a wand of fire (15)
Scrolls
 h - 3 scrolls of enchant armour
 i - 2 scrolls of noise
 k - a scroll of magic mapping
 l - 2 scrolls of identify
 m - 3 scrolls of teleportation
 o - 2 scrolls of blinking
Potions
 c - 5 potions of curing
 p - a potion of poison
 s - a potion of haste
 x - a potion of might
Comestibles
 f - 5 bread rations
 q - 3 beef jerkies
 r - 3 fruits


   Skills:
 - Level 5.4 Fighting
 * Level 11.8 Polearms
 - Level 1.0 Armour
 + Level 8.0 Dodging
 - Level 2.1 Stealth
   Level 1.0 Shields


You had 7 spell levels left.
You didn't know any spells.

Dungeon Overview and Level Annotations

Branches:
Dungeon (5/15)
 Temple: D:4-7

Altars:
Ashenzari
Gozag

Annotations:
D:5 Menkaure, Pikel


Message History

Unknown command.
You barely miss Pikel.
Pikel is severely wounded.
Pikel hits you with a whip of electrocution.
* * * LOW HITPOINT WARNING * * *
The slave hits you.
* * * LOW HITPOINT WARNING * * *
Unknown command.
You puncture Pikel!
Pikel is almost dead.
Pikel hits you but does no damage. The slave hits you.
* * * LOW HITPOINT WARNING * * *
You closely miss Pikel.
Pikel is almost dead.
Menkaure calls on the powers of darkness!
Pikel convulses!
The slave convulses!
The slave convulses!
Your body is wracked with pain!
* * * LOW HITPOINT WARNING * * *
The slave hits you.
You die...
Your body crumbles into a pile of gold. .... .... ## ..... o.M

....) #g. .... #.#
#Zp# #o# #MK###o#
#p@$#.######
###$$?.....#
####........#
######...........#
#
#......##....><..#
###
##.#######........#
..#### #..#
#........#
#....###.##
#........#
#........#
##########
..##....##
#######(#######


You could see Pikel, 2 slaves, Menkaure and a worker ant zombie.

Vanquished Creatures
  The ghost of JohnySteed the Chopper, an average HOFi of Beogh (D:4)
  An ogre (D:3)
  A scorpion (D:3)
  2 gnoll shamans (D:3)
  3 orc priests
  7 orc wizards
  A giant frog skeleton (D:4)
  4 worker ants
  9 adders
  45 gnolls
  A shadow imp (D:5)
  An adder skeleton (D:4)
  A worm (D:4)
  4 giant geckos
  15 orcs
  A ball python (D:2)
  4 giant cockroaches
  4 hobgoblins
  6 kobolds
  2 quokkas
  9 bats
  3 giant newts
  6 goblins
  16 jackals
  9 rats
156 creatures vanquished.

Notes
Turn   | Place    | Note
--------------------------------------------------------------
     0 | D:1      | FIQ the Merfolk Wanderer began the quest for the Orb.
     0 | D:1      | FIQ set off with: a +2 spear, a potion of lignification, a potion of curing, a +0 robe, a +0 dagger, a bread ration
     0 | D:1      | Reached XP level 1. HP: 21/21 MP: 1/1
   122 | D:1      | Reached skill level 1 in Polearms
   333 | D:1      | Reached XP level 2. HP: 21/27 MP: 2/2
  1105 | D:3      | Reached XP level 3. HP: 20/33 MP: 3/3
  1164 | D:3      | Reached XP level 4. HP: 39/39 MP: 4/4
  1230 | D:3      | Reached skill level 5 in Polearms
  1234 | D:3      | Reached XP level 5. HP: 27/44 MP: 5/5
  1649 | D:3      | Reached skill level 6 in Polearms
  1850 | D:3      | Reached XP level 6. HP: 23/51 MP: 6/6
  2093 | D:3      | Noticed a sky beast
  2108 | D:3      | Noticed an ogre
  2128 | D:3      | Reached skill level 7 in Polearms
  2211 | D:3      | Reached skill level 5 in Dodging
  2303 | D:3      | Reached skill level 8 in Polearms
  2313 | D:3      | Reached XP level 7. HP: 37/56 MP: 7/7
  2771 | D:3      | Killed an ogre
  2771 | D:3      | Reached skill level 9 in Polearms
  3345 | D:3      | Found a shattered altar of Ashenzari.
  3681 | D:3      | Reached skill level 10 in Polearms
  3926 | D:3      | Reached XP level 8. HP: 55/63 MP: 8/8
  4012 | D:4      | Noticed JohnySteed's ghost (average HOFi)
  4059 | D:4      | Killed JohnySteed's ghost
  4355 | D:4      | Reached skill level 11 in Polearms
  4562 | D:4      | Found an opulent altar of Gozag.
  4609 | D:4      | Became a worshipper of Gozag Ym Sagoz the Greedy
  5073 | D:5      | Entered Level 5 of the Dungeon
  5220 | D:5      | Noticed Menkaure
  5240 | D:5      | Noticed Pikel
  5262 | D:5      | Slain by a slave

Vault maps used:
D:1:      minmay_arrival_plants_in_alcoves
D:3:      lemuel_castle_with_subvaults, lemuel_crystal_altar
D:4:      nicolae_gozag_seed_capital, first_bread, serial_glass,
          glass_columns_c, glass_columns_b, glass_columns_a, glass_columns_b
D:5:      kennysheep_little_box, uniq_pikel, uniq_menkaure

Action                   |  1- 3 |  4- 6 |  7- 9 || total
-------------------------+-------+-------+-------++-------
Melee: Spear             |   101 |   279 |    88 ||   468
       Halberd           |       |       |   193 ||   193
       Trident           |       |       |   125 ||   125
Invok: Potion Petition   |       |       |     1 ||     1
  Use: Scroll            |     6 |     1 |     3 ||    10
       Potion            |     8 |       |     5 ||    13
 Stab: Sleeping          |     3 |     2 |     2 ||     7
       Held in net/web   |       |     1 |       ||     1
  Eat: Chunk             |     1 |     4 |     8 ||    13
       Meat ration       |       |       |     1 ||     1
